 Dungeon Crawl Stone Soup version 0.20.1-1-g8b1a95d66d (webtiles) character file.

136 CKAuHET the Skirmisher (level 4, -10/37 HPs)
             Began as a Demonspawn Abyssal Knight on Nov 26, 2017.
             Was a Follower of Lugonu.
             Mangled by Prince Ribbit (12 damage)
             ... on level 5 of the Dungeon.
             The game lasted 00:20:15 (2185 turns).

CKAuHET the Skirmisher (Demonspawn Abyssal Knight)  Turns: 2185, Time: 00:20:16

Health: -10/37     AC: 15    Str: 13      XL:     4   Next: 98%
Magic:  5/5        EV:  3    Int: 13 (14) God:    Lugonu [*.....]
Gold:   139        SH:  0    Dex: 12      Spells: 3/3 levels left

rFire    . . .     SeeInvis .   a - +1 hand axe
rCold    . . .     Gourm    .   (no shield)
rNeg     + . .     Faith    .   p - +0 plate armour
rPois    .         Spirit   .   n - +0 helmet
rElec    .         Reflect  .   (no cloak)
rCorr    .         Harm     .   r - +0 pair of gloves
MR       .....                  (no boots)
Stlth    ..........             (no amulet)
Regen    0.2/turn               i - ring of stealth
MPRegen  0.1/turn               m - ring of positive energy

@: no status effects
A: hooves 1, icy blue scales 1
a: Depart the Abyss, Renounce Religion


You were on level 5 of the Dungeon.
You worshipped Lugonu.
Lugonu was aware of your devotion.
You were not hungry.

You visited 1 branch of the dungeon, and saw 5 of its levels.
You visited the Abyss 1 time.

You collected 139 gold pieces.

Inventory:

Hand Weapons
 a - a +1 hand axe (weapon)
 e - a cursed -2 hunting sling
 j - a +1 short sword of venom
Missiles
 g - 7 needles of sleeping (quivered)
 h - 9 arrows
Armour
 b - a +0 leather armour
 n - a +0 helmet (worn)
 p - a +0 plate armour (worn)
 r - a +0 pair of gloves (worn)
Jewellery
 i - a ring of stealth (left hand)
 m - a ring of positive energy (right hand)
Scrolls
 d - a scroll of remove curse
 l - a scroll of recharging
 o - a scroll of teleportation
 q - 2 scrolls of identify
Potions
 s - a potion of heal wounds {unknown}
 t - a potion of brilliance
Comestibles
 c - 2 bread rations
 f - a meat ration
 k - a royal jelly


   Skills:
 + Level 3.8 Fighting
 + Level 3.1 Axes
 + Level 2.8 Armour
 + Level 1.1 Dodging
 + Level 0.8 Stealth
 + Level 2.6 Invocations


You had 3 spell levels left.
You didn't know any spells.

Dungeon Overview and Level Annotations

Branches:
Dungeon (5/15)
 Temple: D:4-7

Altars:

Annotations:
D:5 Prince Ribbit


Innate Abilities, Weirdness & Mutations

You have large cloven feet.
You are partially covered in icy blue scales. (AC +2)


Message History

Prince Ribbit completely misses you. Prince Ribbit hits you!
You miss Prince Ribbit. Your kick misses Prince Ribbit.
Prince Ribbit blinks!
Prince Ribbit hops awkwardly around.
You open the door.
There is an open door here.
There isn't anything here!
There's nothing to close nearby.
You barely miss Prince Ribbit.
Prince Ribbit blinks!
Prince Ribbit blinks!
Prince Ribbit hops awkwardly around.
There is an open door here.
You hit Prince Ribbit.
Prince Ribbit is lightly wounded.
Prince Ribbit hits you. Prince Ribbit hits you!
You slash Prince Ribbit! Your kick misses Prince Ribbit.
Prince Ribbit is moderately wounded.
Prince Ribbit hits you!
* * * LOW HITPOINT WARNING * * *
Prince Ribbit hits you!
You die...

... ##+# #.# .#...#
#.# ......# ### #.#
.......## ##.###.#
........####...##.#
........F@......#.#
........####...##<#
.......##
##.###.#### #.....#
#........# ##...#
#.###.##.# ##+#
...# #.# # #.....
..# #....# ###
##.#.#


You could see Prince Ribbit.

Vanquished Creatures
  2 orc priests (D:3)
  An adder (D:2)
  A worm (D:2)
  8 orcs (D:3)
  4 giant cockroaches
  4 goblins
  5 hobgoblins
  9 jackals
  2 kobolds
  A quokka (D:2)
  10 bats
  4 frilled lizards
  4 rats
55 creatures vanquished.

Notes
Turn   | Place    | Note
-------+----------+-------------------------------------------
     0 | Abyss:1  | CKAuHET the Demonspawn Abyssal Knight began the quest for the Orb.
     0 | Abyss:1  | Reached XP level 1. HP: 18/18 MP: 2/2
     0 | D:1      | Escaped the Abyss
   171 | D:1      | Reached skill level 1 in Dodging
   516 | D:1      | Gained mutation: You have large cloven feet. [demonic ancestry]
   516 | D:1      | Reached XP level 2. HP: 24/24 MP: 3/3
   838 | D:1      | Reached * piety under Lugonu
  1028 | D:2      | Reached XP level 3. HP: 15/29 MP: 4/4
  1352 | D:3      | Gained mutation: You are partially covered in icy blue scales. (AC +2) [demonic ancestry]
  1352 | D:3      | Reached XP level 4. HP: 25/37 MP: 5/5
  2114 | D:4      | Noticed a hungry ghost
  2160 | D:5      | Entered Level 5 of the Dungeon
  2167 | D:5      | Noticed Prince Ribbit
  2185 | D:5      | Mangled by Prince Ribbit

Skill      XL: |  1  2  3  4 |
---------------+-------------+-----
Dodging        | 1 |  1.1
Armour         | 2 |  2.8
Axes           | 2 3 |  3.1
Fighting       | |  3.8
Stealth        | |  0.8
Invocations    | |  2.6

Action                   |  1- 3 |  4- 6 || total
-------------------------+-------+-------++-------
Melee: Hand axe          |    94 |    67 ||   161
       Kick              |    17 |    11 ||    28
Invok: Depart the Abyss  |     1 |       ||     1
  Use: Scroll            |    10 |     2 ||    12
       Potion            |     5 |       ||     5
 Stab: Sleeping          |     2 |       ||     2
  Eat: Bread ration      |     1 |     2 ||     3
Armor: Leather armour    |    25 |     9 ||    34
       Plate armour      |       |    40 ||    40
Dodge: Dodged            |    49 |    25 ||    74
